 Dungeon Sprint DCSS version 0.23-a0-635-g88ca12a (webtiles) character file.

0 Lanoc the Ogre Mage (level 1, -1/16 HPs)
             Began as an Ogre Wizard on Dec 27, 2018.
             Was an Initiate of Sif Muna.
             Slain by an ufetubus (2 damage)
             ... in the Dungeon (Sprint VI: "Thunderdome").
             The game lasted 00:00:41 (47 turns).

Lanoc the Ogre Mage (Ogre Wizard)                     Turns: 47, Time: 00:00:42

Health: -1/16      AC:  3    Str: 10      XL:     1   Next: 80%
Magic:  0/6        EV:  9    Int: 19      God:    Sif Muna [......]
Gold:   200        SH:  0    Dex:  1 (7)  Spells: 9/10 levels left

rFire    . . .     SeeInvis .   (no weapon)
rCold    . . .     Gourm    .   (no shield)
rNeg     . . .     Faith    .   a - +0 robe
rPois    .         Spirit   .   b - +0 hat
rElec    .         Reflect  .   (no cloak)
rCorr    .         Harm     .   (gloves unavailable)
MR       .....     NoTele   +   (boots unavailable)
Stlth    +.........             (no amulet)
HPRegen  0.05/turn              (no ring)
MPRegen  0.10/turn              (no ring)

@: very slightly contaminated
A: large, unfitting armour, tough skin 1
a: Renounce Religion


You were in the Dungeon.
You worshipped Sif Muna.
Sif Muna was noncommittal.
You were not hungry.

You visited 1 branch You collected 200 gold pieces.

Inventory:

Armour
 a - a +0 robe (worn)
 b - a +0 hat (worn)
Wands
 k - a wand of acid (5)
 l - a wand of iceblast (5)
Scrolls
 j - 4 scrolls of blinking
 m - 3 scrolls of fog
Potions
 c - a potion of resistance
 e - a potion of curing
 f - 4 potions of heal wounds
 g - 4 potions of haste
 h - 2 potions of magic
 i - a potion of berserk rage
Comestibles
 d - a ration


   Skills:
 + Level 2.1 Dodging
 + Level 1.6 Stealth
 + Level 5.0 Spellcasting
 + Level 0.9 Conjurations
   Level 0.8 Summonings
   Level 0.8 Translocations


You had 9 spell levels left.
You knew the following spells:

 Your Spells              Type           Power        Failure   Level  Hunger
a - Magic Dart            Conj           #...         9%          1    None

Your spell library contained the following spells:

 Spells                   Type           Power        Failure   Level  Hunger
 Blink                    Tloc           N/A          13%         2    #......
 Call Imp                 Summ           #.......     13%         2    #......
 Slow                     Hex            #.......     19%         2    #......
 Conjure Flame            Conj/Fire      #.......     30%         3    ##.....
 Mephitic Cloud           Conj/Pois/Air  #.......     32%         3    ##.....


Dungeon Overview and Level Annotations

Branches:
Dungeon (1/1)

Altars:
Cheibriados
Dithmenos
Fedhas
Gozag
Kikubaaqudgha
Makhleb
Qazlal
Ru
Sif Muna
Trog
Uskayaw
Vehumet
Wu Jian
Xom
Yredelemnul
Zin
Jiyva
Lugonu

Shops:
D *[%???:(!!!!


Innate Abilities, Weirdness & Mutations

You are too large for most types of armour.
You have tough skin. (AC +1)


Message History

Aim: a crimson imp You miscast Magic Dart.
You are very lightly contaminated with residual magic.
The air around you crackles with energy!
The ufetubus hits you but does no damage. x2
The quasit completely misses you.
The quasit claws you but does no damage.
The quasit completely misses you. The ufetubus barely misses you.
The ufetubus hits you but does no damage.
Casting: Magic Dart (safe; 9% risk of failure)
Confirm with . or Enter, or press ? or * to list all spells.
Aiming: Magic Dart (safe; 9% risk of failure)
Press: ? - help, Shift-Dir - straight line, f/p - crimson imp
Aim: a crimson imp The magic dart hits the crimson imp.
The quasit bites you but does no damage.
The quasit closely misses you. The quasit claws you.
* * * LOW HITPOINT WARNING * * *
The ufetubus hits you.
You die...

.........###
..........⌠#
.........8.######
...###......___∩##
.8.# #.8........∩###
...###.............##
###...###..........⌠#
# #.<.# #......5...⌠#
###...###......5@..⌠#
...###.........5...##
.8.# #.8........∩###
...# #......___∩##
.........8.######
..........⌠#
.........###
........_ _.......


You could see a quasit, a crimson imp and an ufetubus.

Vanquished Creatures
  An ufetubus (D)
1 creature vanquished.

Notes
Turn   | Place    | Note
-------+----------+-------------------------------------------
     0 | D        | Lanoc the Ogre Wizard began the quest for the Orb.
     0 | D        | Reached XP level 1. HP: 16/16 MP: 5/5
     3 | D        | Found a shadowy altar of Dithmenos.
     4 | D        | Found a stormy altar of Qazlal.
     4 | D        | Found a blossoming altar of Fedhas.
     5 | D        | Found a snail-covered altar of Cheibriados.
     5 | D        | Found a sacrificial altar of Ru.
     5 | D        | Round 1.
     6 | D        | Found a basalt altar of Yredelemnul.
     6 | D        | Found a glowing silver altar of Zin.
     6 | D        | Found Bof Laxtal's Magic Scroll Shop.
     6 | D        | Found Deceont's Staff Store.
     7 | D        | Found Elinix's Delicious Food.
     7 | D        | Found a viscous altar of Jiyva.
     7 | D        | Found a corrupted altar of Lugonu.
     7 | D        | Found an opulent altar of Gozag.
     7 | D        | Found Kely's Identification Station.
     8 | D        | Found Noitumi's Jewellery.
     8 | D        | Found Ocarie Tidu's Advanced Armour.
    12 | D        | Found a shimmering altar of Xom.
    12 | D        | Noticed a crimson imp
    16 | D        | Reached skill level 5 in Spellcasting
    18 | D        | Noticed a quasit
    26 | D        | Found Hiddyon's Magic Scroll Shop.
    26 | D        | Found Boaghas's Must-Have Magic.
    29 | D        | Found a bloodstained altar of Trog.
    30 | D        | Found a burning altar of Makhleb.
    31 | D        | Found an ancient bone altar of Kikubaaqudgha.
    32 | D        | Found Kuosy's Distillery.
    32 | D        | Found an ornate altar of the Wu Jian Council.
    32 | D        | Found a deep blue altar of Sif Muna.
    32 | D        | Found a hide-covered altar of Uskayaw.
    32 | D        | Found Jeheduu's Do-It-Yourself Clinic.
    33 | D        | Found Datz's Distillery.
    33 | D        | Found Dyfiuczaxti's Bottled Wisdom.
    36 | D        | Found a radiant altar of Vehumet.
    40 | D        | Became a worshipper of Sif Muna the Loreminder
    47 | D        | Slain by an ufetubus

Vault maps used:
D:        arena_sprint

Skill      XL: |  1 |
---------------+----+-----
Dodging        | 2 |  2.1
Spellcasting   | 5 |  5.0
Stealth        | |  1.6
Conjurations   | |  0.9
Summonings     | |  0.8
Translocations | |  0.8

Action                   || total
-------------------------++-------
Melee: Unarmed           ||     3
 Cast: Magic Dart        ||     6
Armor: Robe              ||    16
Dodge: Dodged            ||    20

Table legend:
 A = Non-vault XP
 B = Vault XP
 C = Vault XP percentage of total XP
 D = Non-vault monster count
 E = Vault monster count
 F = Vault count percentage of total count
                 A         B        C        D         E       F
            +---------+---------+-------+---------+---------+-------
      Total |       8 |       0 |   0.0 |       1 |       0 |   0.0
            +---------+---------+-------+---------+---------+-------
          D |       8 |       0 |   0.0 |       1 |       0 |   0.0
            +---------+---------+-------+---------+---------+-------
